 Dungeon Crawl Stone Soup version 0.32-a0-886-g41c5271027 (webtiles) character file.

Game seed: 2353356284384796985

135 Lanoc the Shooter (level 5, 0/41 HPs)
             Began as a Coglin Hunter on Apr 2, 2024.
             Was a Follower of Dithmenos.
             Slain by a kobold
             ... wielding a +0 club
              (2 damage)
             ... on level 3 of the Dungeon.
             The game lasted 00:01:20 (1028 turns).

Lanoc the Shooter (Coglin Hunter)                   Turns: 1028, Time: 00:01:20

Health: 0/41       AC:  3    Str: 11    XL:     5   Next: 18%
Magic:  5/5        EV: 12    Int:  8    God:    Dithmenos [*.....]
Gold:   84         SH:  0    Dex: 20    Spells: 4/4 levels left

rFire   . . .        a - +2 sling {Suphaphon}
rCold   . . .        d - +0 sling {Fatehjeet}
rNeg    . . .        c - +0 leather armour
rPois   .            (no helmet)
rElec   .            (no cloak)
rCorr   .            (no gloves)
SInv    .            (no boots)
Will    .....        (amulet unavailable)
Stlth   ++           (ring unavailable)
HPRegen 0.26/turn    (ring unavailable)
MPRegen 0.09/turn    (no gizmo)

%: no passive effects
@: wreathed by umbra, revved
A: off-hand wielding, slow wielding, warmup strikes, no jewellery
a: Invent Gizmo, Renounce Religion


You were on level 3 of the Dungeon.
You worshipped Dithmenos.
Dithmenos was aware of your devotion.
You visited 1 branch of the dungeon, and saw 3 of its levels.

You collected 84 gold pieces.

Inventory:

Hand Weapons
 a - a +2 sling (weapon) {Suphaphon}
 d - a +0 sling (offhand) {Fatehjeet}
Armour
 c - a +0 leather armour (worn)
Scrolls
 b - a scroll of butterflies
 e - a scroll of noise {unknown}
 f - 2 scrolls of identify {unknown}
 g - a scroll of teleportation {unknown}
Potions
 h - a potion of degeneration {unknown}


   Skills:
 + Level 3.0 Fighting
 * Level 4.8 Ranged Weapons
 + Level 2.8 Dodging
 - Level 0.7 Stealth


You had 4 spell levels left.
You didn't know any spells.
Your spell library contained the following spells:

 Spells                   Type           Power      Damage    Failure   Level
 Magic Dart               Conj           0%         1d3       50%         1
 Shock                    Conj/Air       0%         1d3       50%         1
 Blink                    Tloc           0%         N/A       65%         2
 Call Imp                 Summ           0%         N/A       65%         2
 Swiftness                Air            0%         N/A       86%         3
 Teleport Other           Tloc           0%         N/A       86%         3
 Airstrike                Air            0%         2d(0-16)  99%         4
 Dispersal                Tloc           0%         N/A       100%        6
 Gell's Gavotte           Tloc           0%         2d(11-16) 100%        6


Dungeon Overview and Level Annotations

Branches:
Dungeon (3/15)

Altars:
Dithmenos
Yredelemnul


Innate Abilities, Weirdness & Mutations

You can wield a second weapon in your off-hand.
It takes a long time for you to wield or remove held weapons.
Your first few attacks do less damage.
You cannot equip rings or amulets.


Message History

The gnoll closely misses you.
Fire: a) +2 sling {Suphaphon}
Press: ? - help, Q - select action Shift-Dir - straight line, f/p - gnoll
Aim: a gnoll, wielding a +0 whip (heavily wounded, umbra, 69% to hit)
You shoot a sling bullet. The sling bullet hits the gnoll.
The gnoll is severely wounded.
You shoot a sling bullet.
The sling bullet closely misses the gnoll.
The gnoll hits you from afar with a +0 spear.
* * * LOW HITPOINT WARNING * * *
The orc hits you with a +0 club.
* * * LOW HITPOINT WARNING * * *
An orc comes into view. It is wielding a +0 short sword.
The kobold hits you with a +0 club.
* * * LOW HITPOINT WARNING * * *
The gnoll misses you.
Fire: a) +2 sling {Suphaphon}
Press: ? - help, Q - select action Shift-Dir - straight line, f/p - gnoll
Aim: a gnoll, wielding a +0 whip (severely wounded, umbra, 69% to hit)
You shoot a sling bullet.
The sling bullet hits the gnoll but does no damage.
The gnoll is severely wounded.
You shoot a sling bullet.
The sling bullet closely misses the gnoll.
The sling bullet barely misses the orc.
The kobold hits you with a +0 club.
* * * LOW HITPOINT WARNING * * *
The gnoll misses you. The orc misses you.
The gnoll hits you but does no damage.
Fire: a) +2 sling {Suphaphon}
Press: ? - help, Q - select action Shift-Dir - straight line, f/p - gnoll
Aim: a gnoll, wielding a +0 whip (severely wounded, umbra, 69% to hit)
You shoot a sling bullet. The sling bullet hits the gnoll.
You kill the gnoll!
Dithmenos accepts your kill.
You shoot a sling bullet.
The sling bullet barely misses the gnoll.
The gnoll barely misses you. The orc closely misses you.
The kobold hits you with a +0 club.
You die...

.... ... ... ...
.. ##.### #o#
..... ..#
#..####)#
##.<...gg###..
#....r#og....#
##.##...#.@Ko?#
#......<###o.....#
#.####...)...#.#.#
#.......# #
#######.# .# .. ##


You could see 3 gnolls, 4 orcs, a quokka and a kobold.

Vanquished Creatures
  Jessica (D:2)
  An orc wizard (D:3)
  4 gnolls
  An adder (D:2)
  A ribbon worm (D:2)
  A dart slug (D:1)
  4 ball pythons
  5 endoplasms
  A giant cockroach (D:2)
  7 goblins
  2 hobgoblins
  4 kobolds
  2 quokkas (D:1)
  2 bats
  2 frilled lizards
  7 rats
45 creatures vanquished.

Notes
Turn   | Place    | Note
-------+----------+-------------------------------------------
     0 | D:1      | Lanoc the Coglin Hunter began the quest for the Orb.
     0 | D:1      | Reached XP level 1. HP: 16/16 MP: 1/1
    80 | D:1      | Reached XP level 2. HP: 22/22 MP: 2/2
   206 | D:1      | Found a faded altar of an unknown god.
   226 | D:1      | Reached skill level 4 in Ranged Weapons
   282 | D:1      | Prayed at the altar of an unknown god.
   282 | D:1      | Became a worshipper of Dithmenos the Shadowed
   282 | D:1      | Reached * piety under Dithmenos
   346 | D:1      | Reached XP level 3. HP: 28/28 MP: 3/3
   657 | D:2      | Found a basalt altar of Yredelemnul.
   700 | D:2      | Reached XP level 4. HP: 34/34 MP: 4/4
   861 | D:2      | Noticed Jessica
   864 | D:2      | Killed Jessica
  1018 | D:3      | Reached XP level 5. HP: 40/41 MP: 5/5
  1026 | D:3      | HP: 2/41 [kobold/+0 club (2)]
  1028 | D:3      | Slain by a kobold

Illustrated notes

Levels and vault maps discovered:
D:1:      amcnicky_arrival_gap_in_the_tavern_cellar, layout_basic,
          nicolae_ecumenical_lake_church, minmay_misc_feat_chi,
          minmay_fountain_box
D:2:      layout_basic, basic_altar, uniq_jessica
D:3:      cheibrodos_fertilizer, layout_loops_cross, minmay_increasing_density

Skill      XL: |  1  2  3  4 |
---------------+-------------+-----
Dodging        | 2 |  2.8
Ranged Weapons | 4 |  4.8
Fighting       | 3 |  3.0
Stealth        | |  0.7

Action                     |  1- 3 |  4- 6 || total
---------------------------+-------+-------++-------
   Fire: Sling             |   114 |    78 ||   192
 Armour: Leather armour    |     1 |    15 ||    16
  Dodge: Dodged            |     3 |    17 ||    20

Table legend: (Time is in decaauts)
 A = Elapsed time spent in this place.
 B = Non-inter-level travel time spent in this place.
 C = Inter-level travel time spent in this place.
 D = Time resting spent in this place.
 E = Time spent auto-exploring this place.
 F = Levels seen in this place.
 G = Mean time per level.
                   A        B        C        D        E       F      G
               +--------+--------+--------+--------+--------+-----+--------+
         Total |   1051 |   1016 |     35 |      0 |    831 |   3 |  350.3 |
       Dungeon |   1051 |   1016 |     35 |      0 |    831 |   3 |  350.3 |
               +--------+--------+--------+--------+--------+-----+--------+

Top non-repeatable levels by time:
     D:1: 515 daAuts
     D:2: 507 daAuts
     D:3: 29 daAuts
